 Dungeon Crawl Stone Soup version 0.22-a0-354-g30dfbe6 (webtiles) character file.

840 Amnesiac the Grave Robber (level 7, 0/52 HPs)
             Began as a Mummy Necromancer on Apr 16, 2018.
             Slain by an orc warrior
             ... wielding a +0 trident
              (13 damage)
             ... on level 5 of the Dungeon.
             The game lasted 00:08:14 (3884 turns).

Amnesiac the Grave Robber (Mummy Necromancer)       Turns: 3884, Time: 00:08:15

Health: 0/52       AC: 12    Str: 11    XL:     7   Next: 67%
Magic:  2/14       EV: 12    Int: 19    God:
Gold:   170        SH:  0    Dex: 13    Spells: 13/16 levels left

rFire    x . .     SeeInvis .   a - +0 hunting sling
rCold    + . .     Gourm    .   (no shield)
rNeg     + + +     Faith    .   j - +0 ring mail
rPois    ∞         Spirit   .   (no helmet)
rElec    .         Reflect  .   m - +0 cloak
rCorr    .         Harm     .   n - +2 pair of gloves
MR       .....                  h - +2 pair of boots
Stlth    +.........             (no amulet)
HPRegen  0.17/turn              c - +3 ring of intelligence
MPRegen  0.14/turn              (no ring)

@: very slightly contaminated
A: no food or potions, fire vulnerability, cold resistance 1, negative energy
resistance 3, torment resistance, unbreathing
a: no special abilities


You were on level 5 of the Dungeon.
You were not hungry.

You visited 1 branch of the dungeon, and saw 6 of its levels.

You collected 170 gold pieces.

Inventory:

Hand Weapons
 a - a +0 hunting sling (weapon)
 o - a +0 dagger of venom
 p - a +0 dagger of draining
Missiles
 i - 19 stones (quivered)
Armour
 d - a +0 large shield
 h - a +2 pair of boots (worn)
 j - a +0 ring mail (worn)
 m - a +0 cloak (worn)
 n - a +2 pair of gloves (worn)
Jewellery
 c - a +3 ring of intelligence (left hand)
Wands
 l - a wand of enslavement (11)
 q - a wand of acid (10)
Scrolls
 b - a scroll of teleportation {!r}
 e - a scroll of amnesia {!r}
 g - 2 scrolls of enchant armour {!r}
 k - 3 scrolls of identify {!r}


   Skills:
 + Level 3.5 Fighting
 * Level 4.8 Dodging
 - Level 1.5 Stealth
 + Level 2.0 Shields
 - Level 5.0 Spellcasting
 - Level 5.0 Necromancy


You had 13 spell levels left.
You knew the following spells:

 Your Spells              Type           Power        Failure   Level  Hunger
d - Vampiric Draining     Necr           ###.......   12%         3    N/A

Dungeon Overview and Level Annotations

Branches:
Dungeon (6/15)
 Temple: D:4-7

Altars:
Gozag
Okawaru
Qazlal
Wu Jian
Zin

Annotations:
D:2 1 exclusion
D:4 4thArraOfDagon's ghost, weakling OpFE


Innate Abilities, Weirdness & Mutations

You do not eat or drink.
Your flesh is vulnerable to fire.
You are immune to poison.
Your flesh is cold resistant. (rC+)
You are immune to negative energy. (rN+++)
You are immune to unholy pain and torment.
You can survive without breathing.


Message History

Press: ? - help, Shift-Dir - straight line, f - orc warrior
Aim: an orc warrior, wielding a trident and wearing a chain mail (hasn't noticed you)
You shoot a stone.
The stone completely misses the orc warrior.
The orc warrior shouts!
You see here a stone.
Your magical contamination has completely faded away.
There is an escape hatch in the ceiling here.
Firing (i - inventory)
i - 21 stones (quivered)
Press: ? - help, Shift-Dir - straight line, f/p - orc warrior
Aim: an orc warrior, wielding a trident and wearing a chain mail You shoot a stone.
The stone barely misses the orc warrior.
The orc warrior hits you but does no damage.
There is an escape hatch in the ceiling here.
The orc warrior barely misses you. A mysterious force pulls you upwards.
The hatch slams shut behind you.
The orc warrior hits you from afar with a trident.
There is a stone staircase leading up here.
There is a stone staircase leading up here.
The orc warrior hits you from afar with a trident!
Firing (i - inventory)
i - 20 stones (quivered)
Press: ? - help, Shift-Dir - straight line, f - orc warrior
Aim: an orc warrior, wielding a trident and wearing a chain mail You shoot a stone.
The stone barely misses the orc warrior.
The orc warrior hits you with a trident.
Casting: Vampiric Draining (safe; 12% risk of failure)
Confirm with . or Enter, or press ? or * to list all spells.
Aiming: Vampiric Draining (safe; 12% risk of failure)
Press: ? - help, Shift-Dir - straight line, f/p - orc warrior
Aim: an orc warrior, wielding a trident and wearing a chain mail The orc warrior is lightly wounded.
You feel life coursing into your body.
The orc warrior hits you with a trident!
* * * LOW HITPOINT WARNING * * *
Casting: Vampiric Draining (safe; 12% risk of failure)
Confirm with . or Enter, or press ? or * to list all spells.
Aiming: Vampiric Draining (safe; 12% risk of failure)
Press: ? - help, Shift-Dir - straight line, f/p - orc warrior
Aim: an orc warrior, wielding a trident and wearing a chain mail (lightly wounded)
The orc warrior is heavily wounded.
You feel life coursing into your body.
The orc warrior hits you with a trident!
* * * LOW HITPOINT WARNING * * *
Casting: Vampiric Draining (safe; 12% risk of failure)
Confirm with . or Enter, or press ? or * to list all spells.
Aiming: Vampiric Draining (safe; 12% risk of failure)
Press: ? - help, Shift-Dir - straight line, f/p - orc warrior
Aim: an orc warrior, wielding a trident and wearing a chain mail (heavily wounded)
You miscast Vampiric Draining.
You are very lightly contaminated with residual magic.
You hear strange and distant voices.
The orc warrior hits you with a trident!
* * * LOW HITPOINT WARNING * * *
Casting: Vampiric Draining (safe; 12% risk of failure)
Confirm with . or Enter, or press ? or * to list all spells.
Aiming: Vampiric Draining (safe; 12% risk of failure)
Press: ? - help, Shift-Dir - straight line, f/p - orc warrior
Aim: an orc warrior, wielding a trident and wearing a chain mail (heavily wounded)
The orc warrior is almost dead.
You feel life coursing into your body.
The orc warrior hits you with a trident!
You die...

#≈≈...# #.....<#.#
#...##.### §§≈...#
#...#..#.#####....# #
≈.....#
#.#....#....##.######
......#
#####......####.##.### #≈
#######
#<...#....(...#......# #≈
###....#...######....# #≈
##.#.#...[....#....# #≈
#..o#...####.###### #≈
###.#@.### #.###### ##
#.o.>..###.#....# ######
#(..[!.....#....# #....#
#......#####....# #...)#
#......# #....# #....#
#......#####....#### #....#
#......#............
#....###'#.#..#.###........
#..........#...[# #........


You could see an orc warrior.

Vanquished Creatures
  An orc warrior (D:5)
  An ogre (D:5)
  2 centaurs
  A water moccasin skeleton (D:5)
  A howler monkey (D:6)
  A crimson imp (D:5)
  A bullfrog zombie (D:5)
  3 hounds
  An iguana (D:6)
  5 worker ants
  3 gnolls (D:5)
  2 adders
  3 leopard geckos
  9 orcs
  2 bats
  5 giant cockroaches
  4 hobgoblins
  12 jackals
  3 kobolds (D:2)
  A quokka (D:3)
  A frilled lizard (D:5)
  5 goblins
  A quokka skeleton (D:4)
  3 rats
71 creatures vanquished.

Notes
Turn   | Place    | Note
-------+----------+-------------------------------------------
     0 | D:1      | Amnesiac the Mummy Necromancer began the quest for the Orb.
     0 | D:1      | Reached XP level 1. HP: 13/13 MP: 4/4
   295 | D:2      | Reached XP level 2. HP: 20/20 MP: 0/5
   763 | D:4      | Reached skill level 1 in Fighting
   763 | D:4      | Reached XP level 3. HP: 26/26 MP: 2/7
   768 | D:4      | Learned a level 3 spell: Vampiric Draining
   825 | D:4      | Noticed 4thArraOfDagon's ghost (weakling OpFE)
  1183 | D:4      | Found an opulent altar of Gozag.
  1196 | D:5      | Entered Level 5 of the Dungeon
  1255 | D:4      | Reached XP level 4. HP: 12/32 MP: 0/9
  1848 | D:5      | Reached XP level 5. HP: 14/38 MP: 6/10
  1893 | D:5      | Reached skill level 5 in Necromancy
  2043 | D:5      | Found a stormy altar of Qazlal.
  2122 | D:5      | Found a glowing silver altar of Zin.
  2143 | D:5      | Noticed an orc warrior
  2664 | D:5      | Noticed an ogre
  2677 | D:5      | Killed an ogre
  2677 | D:5      | Reached XP level 6. HP: 20/46 MP: 5/12
  3032 | D:5      | Reached skill level 1 in Shields
  3068 | D:5      | Killed an orc warrior
  3072 | D:5      | Reached XP level 7. HP: 35/51 MP: 1/13
  3119 | D:5      | Found an ornate altar of the Wu Jian Council.
  3361 | D:5      | Found an iron altar of Okawaru.
  3688 | D:6      | Reached skill level 5 in Spellcasting
  3884 | D:5      | Slain by an orc warrior

Vault maps used:
D:1:      ncdulo_lavacross, minmay_domino_4
D:2:      xom_butterflies, chequers_ecumenical_altar_simple,
          minmay_misc_feat_five, uniq_robin
D:3:      grunt_decor_clamped, feat_on_display
D:4:      first_ration, nicolae_gozag_seed_capital
D:5:      okawaru_metal_pillars_3, kennysheep_little_box,
          nicolae_qazlal_general_emergency, zin_statuary
D:6:      minmay_temple_entry_fiery, uniq_grinder

Skill      XL: |  1  2  3  4  5  6  7 |
---------------+----------------------+-----
Spellcasting   | 3 4 5 |  5.0
Dodging        | 2 3 4 |  4.8
Fighting       | 1 2 3 |  3.5
Necromancy     | 5 |  5.0
Shields        | 1 2 |  2.0
Stealth        | |  1.5

Action                   |  1- 3 |  4- 6 |  7- 9 || total
-------------------------+-------+-------+-------++-------
Melee: Unarmed           |       |     9 |       ||     9
       Hunting sling     |       |     7 |       ||     7
 Fire: Hunting sling     |       |   145 |   124 ||   269
 Cast: Pain              |    42 |     5 |       ||    47
       Vampiric Draining |     3 |    13 |    15 ||    31
  Use: Scroll            |       |     6 |       ||     6
Armor: Robe              |     6 |     1 |       ||     7
       Ring mail         |       |    56 |    74 ||   130
Dodge: Dodged            |    28 |    86 |   111 ||   225

Table legend:
 A = Spawn XP
 B = Non-spawn XP
 C = Spawn XP percentage of total XP
 D = Spawn monster count
 E = Non-spawn monster count
 F = Spawn count percentage of total count
 G = Total turns spent on level
                    A         B        C        D         E        F      G
               +---------+---------+-------+---------+---------+-------+---------
         Total |       0 |    1200 |   0.0 |       0 |      71 |   0.0 |  3884
               +---------+---------+-------+---------+---------+-------+---------
           D:1 |       0 |       7 |   0.0 |       0 |       5 |   0.0 |   228
           D:2 |       0 |      14 |   0.0 |       0 |       8 |   0.0 |   378
           D:3 |       0 |      14 |   0.0 |       0 |       7 |   0.0 |   440
           D:4 |       0 |     110 |   0.0 |       0 |      13 |   0.0 |  1033
           D:5 |       0 |     801 |   0.0 |       0 |      30 |   0.0 |  1554
           D:6 |       0 |     254 |   0.0 |       0 |       8 |   0.0 |   251
               +---------+---------+-------+---------+---------+-------+---------
